 Dungeon Crawl Stone Soup version 0.25.0-10-g039870e (webtiles) character file.

Game seed: 10446348766467020065

188 dirge the Distorting Demonspawn (level 5, -5/41 HPs)
             Began as a Demonspawn Abyssal Knight on June 22, 2020.
             Was a Believer of Lugonu.
             Slain by a gnoll (8 damage)
             ... on level 3 of the Dungeon.
             The game lasted 00:04:51 (2667 turns).

dirge the Distorting Demonspawn (DsAK)              Turns: 2667, Time: 00:04:51

Health: -5/41      AC:  3    Str: 13    XL:     5   Next: 39%
Magic:  8/8        EV: 11    Int: 13    God:    Lugonu [**....]
Gold:   72         SH:  5    Dex: 13    Spells: 4/4 levels left

rFire    . . .     SeeInvis .   a - +2 hand axe
rCold    . . .     Gourm    .   (no shield)
rNeg     . . .     Faith    .   b - +0 leather armour
rPois    .         Spirit   .   (helmet restricted)
rElec    .         Reflect  +   k - scarf {+Inv}
rCorr    .         Harm     .   (no gloves)
MR       .....                  (no boots)
Stlth    +.........             f - amulet of reflection
HPRegen  0.13/turn              (no ring)
MPRegen  0.11/turn              (no ring)

@: no status effects
A: horns 2, powered by death 1
a: Depart the Abyss, Bend Space, Renounce Religion, Evoke Invisibility


You were on level 3 of the Dungeon.
You worshipped Lugonu.
Lugonu was pleased with you.
You were hungry.

You visited 1 branch of the dungeon, and saw 3 of its levels.
You visited the Abyss 1 time.

You collected 72 gold pieces.

Inventory:

Hand Weapons
 a - a +2 hand axe (weapon)
 h - a +2 vampiric dagger
Missiles
 e - 59 stones
 i - 4 curare-tipped darts (quivered)
Armour
 b - a +0 leather armour (worn)
 k - a scarf of invisibility (worn)
Jewellery
 f - an amulet of reflection (around neck)
Scrolls
 n - 2 scrolls of teleportation
 o - a scroll of remove curse
Potions
 j - a potion of lignification
 l - a potion of curing
 p - a potion of ambrosia {unknown}
Comestibles
 c - 6 rations
 d - 4 chunks of flesh


   Skills:
 - Level 3.0 Fighting
 * Level 4.0 Axes
 - Level 1.7 Armour
 - Level 0.8 Dodging
 + Level 4.3 Invocations
 + Level 1.9 Evocations


You had 4 spell levels left.
You didn't know any spells.
Your spell library contained the following spells:

 Spells                   Type           Power        Failure   Level  Hunger
 Animate Skeleton         Necr           N/A          36%         1    ##.....
 Apportation              Tloc           #.....       36%         1    ##.....
 Corona                   Hex            #......      36%         1    ##.....
 Summon Small Mammal      Summ           #...         36%         1    ##.....


Dungeon Overview and Level Annotations

Branches:
Dungeon (3/15)

Altars:


Innate Abilities, Weirdness & Mutations

You have a pair of horns on your head.
You regenerate a little health from kills.


Message History

* * * LOW HITPOINT WARNING * * *
You block the gnoll's attack. The gnoll closely misses you.
You hit the gnoll but do no damage.
The gnoll is almost dead.
You completely miss the gnoll. The gnoll barely misses you.
You block the gnoll's attack.
You hit the gnoll.
You kill the gnoll!
Lugonu accepts your kill.
Your Axes skill increases to level 4!
You hit the gnoll but do no damage. The gnoll hits you.
* * * LOW HITPOINT WARNING * * *
You closely miss the gnoll.
The gnoll is moderately wounded.
The gnoll hits you.
* * * LOW HITPOINT WARNING * * *
You slash the gnoll!
The gnoll is almost dead.
The gnoll hits you!
You die...

#......#####.## #
#.#.#..........
#.##.#.##.#####.##
#......##.##......
####)####....÷..##
#..(.# ####)####
#.#).# ####.####
###...###
#..÷....#
#.g@....#
#.......#
#.#)#.#.#
#.......# #
.###.!# #.......#
.# #.# #.......#
#. .# #.......# #
# #.......#
#########


You could see a gnoll.

Vanquished Creatures
  A hound (D:3)
  Natasha (D:3)
  Robin (D:2)
  3 gnolls (D:3)
  2 adders (D:2)
  An ooze (D:1)
  3 worms
  3 dart slugs (D:1)
  A leopard gecko (D:2)
  An orc (D:3)
  4 bats
  4 giant cockroaches
  8 goblins
  5 hobgoblins
  7 jackals
  A frilled lizard (D:2)
  5 kobolds
  7 rats
58 creatures vanquished.

Notes
Turn   | Place    | Note
-------+----------+-------------------------------------------
     0 | Abyss:1  | dirge the Demonspawn Abyssal Knight began the quest for the
                  | Orb.
     0 | Abyss:1  | Reached XP level 1. HP: 18/18 MP: 2/2
    31 | Abyss:1  | Noticed a neqoxec
    32 | Abyss:1  | Noticed a small abomination
    42 | D:1      | Escaped the Abyss
   133 | D:1      | Reached * piety under Lugonu
   515 | D:1      | Gained mutation: You have a pair of small horns on your
                  | head. [demonic ancestry]
   515 | D:1      | Reached XP level 2. HP: 22/24 MP: 4/4
  1296 | D:1      | Gained mutation: You have a pair of horns on your head.
                  | [demonic ancestry]
  1296 | D:1      | Reached XP level 3. HP: 29/29 MP: 5/5
  1920 | D:2      | Noticed Robin
  1931 | D:2      | Killed Robin
  1931 | D:2      | Gained mutation: You regenerate a little health from kills.
                  | [demonic ancestry]
  1931 | D:2      | Reached XP level 4. HP: 20/35 MP: 6/6
  1936 | D:2      | Reached skill level 1 in Evocations
  2418 | D:3      | Reached ** piety under Lugonu
  2490 | D:3      | Noticed Natasha
  2498 | D:3      | Killed Natasha
  2508 | D:3      | Reached XP level 5. HP: 25/41 MP: 8/8
  2667 | D:3      | Slain by a gnoll

Illustrated notes

Levels and vault maps discovered:
D:1:      lightli_arrival_maybe_door_vault, layout_basic,
          minmay_misc_feat_encased
D:2:      kb_forest_paths, layout_basic, uniq_robin
D:3:      layout_loops_cross, bloody_trog, uniq_natasha

Skill      XL: |  1  2  3  4  5 |
---------------+----------------+-----
Axes           | 2 3 4 |  4.0
Invocations    | 3 4 |  4.3
Evocations     | 1 |  1.9
Fighting       | |  3.0
Armour         | |  1.7
Dodging        | |  0.8

Action                   |  1- 3 |  4- 6 || total
-------------------------+-------+-------++-------
Melee: Hand axe          |   100 |    61 ||   161
       Headbutt          |    13 |     8 ||    21
Throw: Stone             |     4 |       ||     4
       Dart              |       |     3 ||     3
Invok: Depart the Abyss  |     1 |       ||     1
  Use: Scroll            |     7 |     1 ||     8
       Potion            |       |     2 ||     2
  Eat: Chunk             |     3 |     2 ||     5
Armor: Leather armour    |    42 |    11 ||    53
Dodge: Dodged            |    76 |    30 ||   106
Block: Other             |       |    10 ||    10
